 Dungeon Crawl Stone Soup version 0.18.1-50-g88ac8fd (webtiles) character file.

250 Golzeb the Skirmisher (level 6, -2/39 HPs)
             Began as a Gargoyle Berserker on Oct 7, 2016.
             Was a Priest of Trog.
             Killed by divine providence
             ... invoked by an orc priest
              (13 damage)
             ... on level 3 of the Dungeon.
             The game lasted 00:12:51 (3257 turns).

Golzeb the Skirmisher (Gargoyle Berserker)          Turns: 3257, Time: 00:12:52

Health: -2/39      AC: 10    Str: 21    XL:     6   Next: 13%
Magic:  6/6        EV: 12    Int:  7    God:    Trog [***...]
Gold:   181        SH:  0    Dex: 11    Spells: 0 memorised, 5 levels left

rFire  . . .     SeeInvis .     k - +1 short sword (drain)
rCold  . . .     Gourm    +     l - +0 ring mail
rNeg   + . .     Faith    .     (no shield)
rPois  ∞         Spirit   .     (no helmet)
rElec  +         Dismiss  .     (no cloak)
rCorr  .         Reflect  .     (no gloves)
SustAt .         Harm     .     (no boots)
MR     .....                    f - amulet of the gourmand
Stlth  +.........               (no ring)
                                (no ring)

@: not resistant to hostile enchantments, very unstealthy
A: negative energy resistance 1, electricity resistance, unbreathing,
petrification resistance, rot immunity, AC +4
a: Berserk, Trog's Hand, Burn Spellbooks, Renounce Religion


You were on level 3 of the Dungeon.
You worshipped Trog.
Trog was most pleased with you.
You were completely stuffed.

You visited 1 branch of the dungeon, and saw 3 of its levels.

You collected 181 gold pieces.

Inventory:

Hand Weapons
 a - a +0 short sword
 k - a +1 short sword of draining (weapon)
Missiles
 m - 2 tomahawks of returning (quivered)
Armour
 l - a +0 ring mail (worn)
Jewellery
 d - an uncursed amulet of guardian spirit
 f - an amulet of the gourmand (around neck)
Scrolls
 h - a scroll of blinking
 j - a scroll of remove curse
 n - a scroll of identify {unknown}
 p - a scroll of fear {unknown}
Potions
 b - 2 potions of brilliance
 e - a potion of cancellation {unknown}
 o - 3 potions of heal wounds {unknown}
Comestibles
 c - 2 bread rations
 g - 3 fruits
 i - a meat ration


   Skills:
 + Level 4.4 Fighting
 + Level 3.7 Short Blades
 + Level 2.6 Armour
 + Level 3.6 Dodging
 + Level 0.8 Stealth


You had 5 spell levels left.
You didn't know any spells.

Dungeon Overview and Level Annotations

Branches:
Dungeon (3/15)

Altars:
Ashenzari
Cheibriados
Elyvilon
Trog
Xom


Innate Abilities, Weirdness & Mutations

You are resistant to torment.
Your stone body is resilient (AC +4).
You are immune to poison.
You resist negative energy.
You are resistant to electric shocks.
You can survive without breathing.
You are immune to petrification.
You are immune to rotting.


Message History

The orc priest looks braver for a moment.
You're too confused to move!
You feel less confused.
You hear some strange, mumbled words.
A puff of flame appears from out of thin air!
The puff of flame hits you!
You closely miss something.
The orc priest hits you but does no damage.
Something hits you.
You hear some strange, mumbled words.
Something tries to affect you, but you resist.
The orc priest mumbles some strange prayers to Beogh against you.
Beogh smites you! Something hits you but does no damage.
A magic dart appears from out of thin air!
The magic dart hits you!
* * * LOW HITPOINT WARNING * * *
The orc priest mumbles some strange prayers to Beogh against you.
Beogh smites you!
You die...

#.#####.....## ##....#.#.#..
#.##........# ##.....#.##.##
#.##.##.....#####.##.......###.#
#..(......Ko>.....##...........#
.(......###.########.......#####
####.#### #.# ##>....##
#.######o###### ##....#
#.#.....o.o(..######.#.#
#.#.####.....@.......#.# #.#.#
######.######.#.# #.#.##### #.#
#.#.#######
####.......#####.######.#........
........................#########
######.###.#####.######## #.. #.#
#.# #.# #.#
#.###.#####.##############.#
#..........................#


You could see an orc warrior and 2 orc priests.

Vanquished Creatures
  A crimson imp (D:3)
  An orc wizard (D:3)
  Jessica (D:2)
  Ijyb (D:2)
  3 adders (D:2)
  A worm (D:3)
  2 dart slugs
  2 giant geckos (D:3)
  12 orcs (D:3)
  6 bats
  5 giant cockroaches
  6 goblins
  8 hobgoblins
  15 jackals
  7 kobolds
  A quokka (D:3)
  4 giant newts
  7 rats
83 creatures vanquished.

Notes
Turn   | Place    | Note
--------------------------------------------------------------
     0 | D:1      | Golzeb the Gargoyle Berserker began the quest for the Orb.
     0 | D:1      | Reached XP level 1. HP: 14/14 MP: 1/1
   154 | D:1      | Reached XP level 2. HP: 9/19 MP: 2/2
   599 | D:1      | Reached XP level 3. HP: 23/24 MP: 3/3
   707 | D:1      | Reached ** piety under Trog
   967 | D:2      | Noticed Ijyb
   999 | D:2      | Reached skill level 4 in Fighting
  1013 | D:2      | Killed Ijyb
  1013 | D:2      | Reached XP level 4. HP: 11/29 MP: 4/4
  1752 | D:2      | Noticed Jessica
  1756 | D:2      | Killed Jessica
  1756 | D:2      | Reached XP level 5. HP: 33/33 MP: 5/5
  2181 | D:3      | Found a faded altar to an unknown god.
  2444 | D:3      | Reached *** piety under Trog
  2449 | D:3      | Found a bloodstained altar of Trog.
  2559 | D:3      | Found a shimmering altar of Xom.
  2563 | D:3      | Found a snail-covered altar of Cheibriados.
  2565 | D:3      | Found a shattered altar of Ashenzari.
  2763 | D:3      | Found a white marble altar of Elyvilon.
  2868 | D:3      | Reached XP level 6. HP: 7/39 MP: 6/6
  3235 | D:3      | Noticed an orc warrior
  3257 | D:3      | Killed from afar by an orc priest

Skill      XL: |  1  2  3  4  5 |
---------------+----------------+-----
Short Blades   | 3 |  3.7
Fighting       | 4 |  4.4
Dodging        | 2 3 |  3.6
Armour         | |  2.6
Stealth        | |  0.8

Action                   |  1- 3 |  4- 6 || total
-------------------------+-------+-------++-------
Melee: Short sword       |   157 |   221 ||   378
  Use: Scroll            |       |     3 ||     3
       Potion            |       |     2 ||     2
  Eat: Chunk             |       |    15 ||    15
       Meat ration       |       |     1 ||     1
Armor: Animal skin       |    53 |    13 ||    66
       Leather armour    |       |    62 ||    62
       Ring mail         |       |    65 ||    65
Dodge: Dodged            |    98 |   174 ||   272
